 Dungeon Crawl Stone Soup version 0.18-b1-22-ge198996 (webtiles) character file.

11774 theY the Cleaver (level 11, -4/99 HPs)
             Began as a Hill Orc Fighter on May 4, 2016.
             Slain by a skeletal warrior
             ... wielding a +2 long sword of protection
             ... led by a death knight
              (21 damage)
             ... on level 11 of the Dungeon.
             The game lasted 00:18:49 (8059 turns).

theY the Cleaver (Hill Orc Fighter)                 Turns: 8059, Time: 00:18:49

Health: -4/99      AC: 17    Str: 25    XL:     11   Next: 83%
Magic:  11/11      EV:  8    Int:  8    God:
Gold:   240        SH: 12    Dex: 13    Spells: 0 memorised, 10 levels left

rFire  . . .     SeeInvis .     K - +3 war axe (flame)
rCold  + . .     Gourm    .     g - +0 plate armour
rNeg   . . .     Faith    .     c - +0 shield
rPois  .         Spirit   .     (no helmet)
rElec  .         Dismiss  .     (no cloak)
rCorr  +         Reflect  .     H - +1 pair of gloves
SustAt .         Harm     .     (no boots)
MR     .....                    b - amulet of rage
Stlth  ..........               t - ring of resist corrosion
                                U - ring of protection from cold

@: mighty, not resistant to hostile enchantments, extremely unstealthy
A: no striking features
a: Evoke Berserk Rage


You were on level 11 of the Dungeon.
You were not hungry.

You visited 2 branches of the dungeon, and saw 12 of its levels.

You collected 555 gold pieces.
You spent 315 gold pieces at shops.

Inventory:

Hand Weapons
 I - a +1 hand axe of venom
 K - a +3 war axe of flaming (weapon)
 X - a +2 dagger of venom
Missiles
 E - 19 poisoned needles
Armour
 c - a +0 shield (worn)
 g - a +0 plate armour (worn)
 q - a cursed +0 leather armour
 C - a +0 buckler of reflection
 H - a +1 pair of gloves (worn)
 S - a +1 hat of magic resistance
Magical Staves
 f - an uncursed staff of power {unknown}
Jewellery
 b - an amulet of rage (around neck)
 o - an uncursed ring of protection from fire
 t - a ring of resist corrosion (right hand)
 G - an uncursed ring of poison resistance {unknown}
 R - a +2 ring of strength {unknown}
 U - a ring of protection from cold (left hand)
 V - an uncursed ring of protection from magic {unknown}
 Z - an uncursed ring of ice {unknown}
Wands
 l - a wand of teleportation (4/9)
 p - a wand of teleportation (2/9)
 z - a wand of digging (7/24)
 F - a wand of digging (14/24)
 J - a wand of iceblast (9/15)
 M - a wand of polymorph (9/24)
 P - a wand of paralysis (8/24)
Scrolls
 d - 2 scrolls of amnesia {unknown}
 e - 4 scrolls of teleportation
 h - a scroll of magic mapping
 k - 3 scrolls of remove curse
 n - a scroll of enchant armour {unknown}
 x - 2 scrolls of immolation {unknown}
 y - a scroll of random uselessness {unknown}
 Q - a scroll of blinking {unknown}
 Y - a scroll of brand weapon {unknown}
Potions
 r - 3 potions of flight
 A - a potion of berserk rage {unknown}
 B - a potion of ambrosia {unknown}
 N - a potion of cancellation {unknown}
 O - 2 potions of brilliance {unknown}
Books
 a - a book of Transfigurations

   Spells                             Type                      Level
   a - Irradiate                      Conjuration/Transmutation    5
   b - Statue Form                    Transmutation/Earth          6
   c - Hydra Form                     Transmutation                6
   d - Dragon Form                    Transmutation                7
 j - a book of Power

   Spells                             Type                      Level
   a - Fulminant Prism                Conjuration/Hexes            4
   b - Iskenderun's Mystic Blast      Conjuration                  4
   c - Venom Bolt                     Conjuration/Poison           5
   d - Bolt of Magma                  Conjuration/Fire/Earth       5
   e - Iron Shot                      Conjuration/Earth            6
   f - Orb of Destruction             Conjuration                  7
   g - Spellforged Servitor           Conjuration/Summoning        7
 s - Kikubaaqudgha's Handbook of Stolen Souls
   (You found it on level 3 of the Dungeon)

   Spells                             Type                      Level
   a - Animate Skeleton               Necromancy                   1
Comestibles
 i - 17 fruits
 m - 3 meat rations
 u - 4 chunks of flesh
 w - 2 slices of pizza
 T - 2 beef jerkies
 W - a bread ration


   Skills:
 + Level 9.6 Fighting
 + Level 12.8 Axes
 + Level 10.6 Armour
 + Level 3.0 Dodging
 + Level 1.4 Stealth
 + Level 10.5 Shields


You had 10 spell levels left.
You didn't know any spells.

Dungeon Overview and Level Annotations

Branches:
Dungeon (11/15)            Temple (1/1) D:4            Lair (0/8) D:10
    Orc: D:9-12

Altars:
Ashenzari
Cheibriados
Dithmenos
Elyvilon
Fedhas
Gozag
Kikubaaqudgha
Makhleb
Nemelex Xobeh
Okawaru
Pakellas
Qazlal
Ru
Sif Muna
Trog
Vehumet
Xom
Yredelemnul
Zin
The Shining One

Shops:
D:7 !

Annotations:
D:3 oplop's ghost, amateur MfGl
D:10 exclusion: oklob plant


Message History

Drink which item? (? for menu, Esc to quit)
You feel very mighty all of a sudden.
The skeletal warrior hits you with a long sword of protection!
* * * LOW HITPOINT WARNING * * *
Drink which item? (? for menu, Esc to quit)
You feel better.
The skeletal warrior hits you with a long sword of protection!
* * * LOW HITPOINT WARNING * * *
Drink which item? (? for menu, Esc to quit)
You feel better.
You block the skeletal warrior's attack.
You completely miss the skeletal warrior.
The skeletal warrior is heavily damaged.
You slash the skeletal warrior! You burn the skeletal warrior.
The skeletal warrior is severely damaged.
You block the skeletal warrior's attack.
You hit the skeletal warrior. You burn the skeletal warrior.
The skeletal warrior is almost destroyed.
The skeletal warrior hits you with a long sword of protection!!
You die...

#.#...#
#.###...##
#.###.# #.# ##+##
#.###.###.# #.#
#.........####.#
#####......<...##
#.#######...##
#.# #.....# #.#
####...#### #..
........@zW# #.#
#####..###......
#. #..# #####
#..# ...# ###. #.


You could see a skeletal warrior and a freezing wraith.

Vanquished Creatures
  Gastronok (D:8)
  Maud (D:10)
  The ghost of Wooh the Fighter, a journeyman GrGl of Okawaru (D:11)
  An unseen horror (D:10)
  Pikel (D:7)
  The ghost of oplop the Covered, a novice MiFi (D:6)
  A hill giant (D:11)
  Psyche (D:8)
  Joseph (D:8)
  A troll (D:7)
  2 two-headed ogres
  A wyvern (D:8)
  3 yaks (D:9)
  A hungry ghost (D:8)
  A hippogriff (D:8)
  3 orc warriors
  2 ice beasts
  A black bear (D:11)
  A sky beast (D:6)
  4 phantoms
  3 centaurs
  5 ogres
  6 giant frogs
  A wyvern skeleton (D:9)
  3 scorpions
  8 killer bees
  3 howler monkeys (D:8)
  2 crimson imps
  A giant frog zombie (D:8)
  5 quasits
  3 centaur skeletons
  3 giant frog skeletons
  3 hounds
  3 jellies
  6 orc priests
  4 iguanas
  7 orc wizards
  8 worker ants
  A hound zombie (D:8)
  A hound skeleton (D:6)
  A worker ant zombie (D:10)
  A howler monkey skeleton (D:5)
  5 adders
  A shadow imp (D:10)
  An ooze (D:7)
  An adder skeleton (D:9)
  2 adder zombies
  3 worms
  4 giant geckos
  44 orcs
  4 giant cockroaches
  2 goblins
  4 hobgoblins
  15 jackals
  3 quokkas
  2 ball pythons
  8 bats
  2 giant cockroach zombies
  3 giant newts
  2 kobolds
  A quokka skeleton (D:6)
  A quokka zombie (D:6)
  4 rats
219 creatures vanquished.

Vanquished Creatures (others)
  3 slaves (D:7)
  A howler monkey (D:7)
  A centaur skeleton (D:7)
  A worker ant (D:7)
  A gnoll (D:7)
  A giant newt (D:7)
8 creatures vanquished.

Grand Total: 227 creatures vanquished

Notes
Turn   | Place    | Note
--------------------------------------------------------------
     0 | D:1      | theY the Hill Orc Fighter began the quest for the Orb.
     0 | D:1      | Reached XP level 1. HP: 19/19 MP: 1/1
     2 | D:1      | Noticed a demigod
     2 | D:1      | Noticed a ghoul
     4 | D:1      | Noticed a dwarf
     4 | D:1      | Noticed a troll
     6 | D:1      | Noticed a felid
     6 | D:1      | Noticed a vampire
    10 | D:1      | Noticed a human
    10 | D:1      | Noticed a halfling
    12 | D:1      | Noticed a formicid
    12 | D:1      | Noticed a merfolk
    14 | D:1      | Noticed an ogre
    14 | D:1      | Noticed a demonspawn
    16 | D:1      | Noticed a draconian
    18 | D:1      | Noticed a vine stalker
    18 | D:1      | Noticed an octopode
    20 | D:1      | Noticed an elf
    20 | D:1      | Noticed a minotaur
    22 | D:1      | Noticed a naga
    22 | D:1      | Noticed a tengu
    24 | D:1      | Noticed a gargoyle
    26 | D:1      | Noticed a centaur
    26 | D:1      | Noticed a spriggan
   162 | D:1      | Reached XP level 2. HP: 25/27 MP: 2/2
   883 | D:2      | Reached skill level 3 in Axes
   883 | D:2      | Reached XP level 3. HP: 24/33 MP: 3/3
  1228 | D:3      | Found an ancient bone altar of Kikubaaqudgha.
  1259 | D:3      | Found a deep blue altar of Sif Muna.
  1260 | D:3      | Found a radiant altar of Vehumet.
  1263 | D:3      | Identified Kikubaaqudgha's Handbook of Stolen Souls
  1368 | D:3      | Reached XP level 4. HP: 19/40 MP: 4/4
  1417 | D:3      | Noticed oplop's ghost (amateur MfGl)
  1464 | D:4      | Reached XP level 5. HP: 18/46 MP: 5/5
  1526 | D:4      | Reached skill level 4 in Axes
  1532 | D:4      | Found a staircase to the Ecumenical Temple.
  1552 | Temple   | Entered the Ecumenical Temple
  1861 | D:4      | Reached XP level 6. HP: 25/53 MP: 6/6
  2104 | D:4      | Reached skill level 5 in Armour
  2186 | D:4      | Reached skill level 5 in Fighting
  2304 | D:5      | Entered Level 5 of the Dungeon
  2379 | D:5      | Reached skill level 5 in Axes
  2447 | D:5      | Reached skill level 5 in Shields
  2447 | D:5      | Reached XP level 7. HP: 61/61 MP: 7/7
  2561 | D:5      | Reached skill level 1 in Dodging
  2752 | D:5      | Reached skill level 6 in Axes
  2900 | D:5      | Reached XP level 8. HP: 49/70 MP: 8/8
  3060 | D:6      | Found an oddly glowing altar of Pakellas.
  3061 | D:6      | Found a white marble altar of Elyvilon.
  3097 | D:6      | Noticed oplop's ghost (novice MiFi)
  3178 | D:6      | Killed oplop's ghost
  3178 | D:6      | Reached skill level 7 in Axes
  3524 | D:6      | Reached XP level 9. HP: 63/78 MP: 9/9
  3574 | D:6      | Reached skill level 8 in Axes
  3664 | D:6      | Found a bloodstained altar of Trog.
  3976 | D:7      | Found a shattered altar of Ashenzari.
  4011 | D:7      | Noticed Pikel
  4037 | D:7      | Killed Pikel
  4161 | D:7      | Reached skill level 9 in Axes
  4433 | D:7      | Found Siceqofep's Distillery.
  4444 | D:7      | Bought a potion of curing for 45 gold pieces
  4444 | D:7      | Bought 2 potions of curing for 90 gold pieces
  4444 | D:7      | Bought a potion of might for 60 gold pieces
  4444 | D:7      | Bought a potion of invisibility for 120 gold pieces
  4457 | D:7      | Noticed a troll
  4474 | D:7      | Killed a troll
  4798 | D:7      | Found a snail-covered altar of Cheibriados.
  4798 | D:7      | Found a stormy altar of Qazlal.
  4801 | D:7      | Found a basalt altar of Yredelemnul.
  4803 | D:7      | Found a sacrificial altar of Ru.
  5172 | D:8      | Noticed Psyche
  5188 | D:8      | Killed Psyche
  5188 | D:8      | Reached skill level 1 in Stealth
  5188 | D:8      | Reached XP level 10. HP: 63/88 MP: 10/10
  5334 | D:8      | Found a glowing golden altar of the Shining One.
  5334 | D:8      | Found a shimmering altar of Xom.
  5413 | D:8      | Noticed Gastronok
  5434 | D:8      | HP: 4/88 [Gastronok/the air (18)]
  5435 | D:8      | Killed Gastronok
  5435 | D:8      | Reached skill level 10 in Axes
  5833 | D:8      | Noticed Joseph
  5857 | D:8      | Killed Joseph
  5857 | D:8      | Reached skill level 11 in Axes
  6076 | D:8      | Reached XP level 11. HP: 85/95 MP: 11/11
  6100 | D:8      | Found a blossoming altar of Fedhas.
  6358 | D:9      | Reached skill level 10 in Shields
  6989 | D:10     | Entered Level 10 of the Dungeon
  7018 | D:10     | Noticed Maud
  7044 | D:10     | Killed Maud
  7044 | D:10     | Reached skill level 12 in Axes
  7056 | D:10     | Noticed an oklob plant
  7606 | D:10     | Killed an unseen horror
  7606 | D:10     | Reached skill level 10 in Armour
  7722 | D:10     | Found a staircase to the Lair.
  7985 | D:11     | Noticed Wooh's ghost (journeyman GrGl)
  8009 | D:11     | Killed Wooh's ghost
  8020 | D:11     | Noticed a hill giant
  8033 | D:11     | Killed a hill giant
  8049 | D:11     | Noticed a skeletal warrior
  8059 | D:11     | Slain by a skeletal warrior

Skill      XL: |  1  2  3  4  5  6  7  8  9 10 11 |
---------------+----------------------------------+-----
Axes           | 3 4 5 6 7 9 11 12 | 12.8
Shields        | 4 5 7 8 9 10 | 10.5
Fighting       | 4 5 6 8 9 |  9.6
Armour         | 4 5 6 7 9 10 | 10.6
Dodging        | 1 2 3 |  3.0
Stealth        | 1 |  1.4

Action                   |  1- 3 |  4- 6 |  7- 9 | 10-12 || total
-------------------------+-------+-------+-------+-------++-------
Melee: War axe           |    84 |   127 |   312 |   358 ||   881
  Use: Potion            |       |     2 |     4 |    10 ||    16
       Scroll            |       |     6 |       |     4 ||    10
  Eat: Chunk             |     1 |     4 |     9 |    11 ||    25
       Bread ration      |       |       |     2 |       ||     2
Armor: Scale mail        |     5 |       |       |       ||     5
       Plate armour      |    65 |    79 |   195 |   182 ||   521
Dodge: Dodged            |    15 |    21 |    48 |    79 ||   163
Block: Shield            |    41 |    61 |   186 |   199 ||   487
